 Dungeon Crawl Stone Soup version 0.29.1-2-gbd0b4ee654 (webtiles) character file.

Game seed: 1018046008203732140

80 Sabo the Covered (level 4, 0/28 HPs)
             Began as a Gargoyle Fighter on Nov 9, 2022.
             Was a Follower of Elyvilon.
             Slain by an orc
             ... wielding a +0 hand axe
              (6 damage)
             ... on level 3 of the Dungeon.
             The game lasted 00:05:16 (1418 turns).

Sabo the Covered (Gargoyle Fighter)                 Turns: 1418, Time: 00:05:16

Health: 0/28       AC: 10    Str: 22    XL:     4   Next: 39%
Magic:  4/4        EV:  9    Int:  8    God:    Elyvilon [*.....]
Gold:   92         SH:  4    Dex:  9    Spells: 3/3 levels left

rFire   . . .      SeeInvis .   a - +0 war axe
rCold   . . .      Faith    .   c - +0 buckler
rNeg    + . .      Spirit   .   b - +0 scale mail
rPois   ∞          Reflect  .   (no helmet)
rElec   +          Harm     .   (no cloak)
rCorr   .          Rampage  .   (no gloves)
Will    .....                   (no boots)
Stlth   ..........              (no amulet)
HPRegen 0.09/turn               (no ring)
MPRegen 0.09/turn               (no ring)

@: no status effects
A: sickness immunity, AC +3, negative energy resistance 1, electricity
resistance, torment resistance 1, petrification resistance
a: Renounce Religion, Purification


You were on level 3 of the Dungeon.
You worshipped Elyvilon.
Elyvilon was aware of your devotion.
You visited 1 branch of the dungeon, and saw 3 of its levels.

You collected 92 gold pieces.

Inventory:

Hand Weapons
 a - a +0 war axe (weapon)
Armour
 b - a +0 scale mail (worn)
 c - a +0 buckler (worn)
Scrolls
 e - a scroll of identify {unknown}
Potions
 d - 2 potions of might
 f - a potion of brilliance {unknown}
 g - a potion of flight {unknown}
 h - a potion of curing {unknown}


   Skills:
 + Level 3.6 Fighting
 + Level 2.9 Axes
 + Level 3.9 Armour
 + Level 0.9 Dodging
 + Level 3.5 Shields


You had 3 spell levels left.
You didn't know any spells.
Your spell library contained the following spells:

 Spells                   Type           Power      Damage    Failure   Level
 Magic Dart               Conj           0%         1d3       82%         1
 Slow                     Hex            0%         N/A       82%         1
 Call Imp                 Summ           0%         N/A       91%         2
 Confusing Touch          Hex            0%         N/A       99%         3
 Mephitic Cloud           Conj/Pois/Air  0%         N/A       99%         3
 Vampiric Draining        Necr           0%         2d6       99%         3


Dungeon Overview and Level Annotations

Branches:
Dungeon (2/15)

Altars:
Elyvilon


Innate Abilities, Weirdness & Mutations

You are immune to sickness and miasma.
Your stone body is resilient. (AC +3)
You are immune to poison.
You resist negative energy. (rN+)
You are resistant to electric shocks. (rElec)
You are resistant to unholy torment.
You are immune to petrification.


Message History

You have reached level 4!
You feel stronger.
You slash the orc wizard!
The orc wizard is severely wounded.
You closely miss the orc. The orc closely misses you.
The orc wizard hits you but does no damage.
You barely miss the orc wizard.
The orc wizard is severely wounded.
You closely miss the orc. The orc barely misses you.
The orc wizard hits you with a +0 dagger.
You block the orc's attack. The orc wizard casts a spell at you.
You are confused.
You completely miss the orc wizard.
The orc wizard is severely wounded.
You hit the orc. The orc hits you with a +0 hand axe.
The orc wizard hits you but does no damage.
An orc comes into view. It is wielding a +0 whip.
You miss the orc wizard.
The orc wizard is severely wounded.
You closely miss the orc.
The orc shouts!
The orc hits you but does no damage. The orc wizard closely misses you.
The orc wizard hits you with a +0 dagger.
The orc hits you with a +0 hand axe.
You miss the orc.
The orc is heavily wounded.
You barely miss the orc wizard.
A hobgoblin comes into view.
The orc barely misses you. The orc wizard closely misses you.
You bump into the rock wall.
The orc hits you with a +0 hand axe.
The orc wizard gestures at you while chanting.
The puff of flame hits you.
* * * LOW HITPOINT WARNING * * *
You barely miss the orc.
The orc is heavily wounded.
You closely miss the orc wizard.
You feel less confused. The orc hits you with a +0 hand axe.
You die...

#. ###. ..... #..####
#....[# # # #.#.# #. #.
#...# ###.# #.#####@#
.# ... .^. ...#.oo###.#
##.#####.###.#.#og..#
...#8.8#...........##
8###...###8..######.#
.'..._...'†..........#
8###...###8..########.#
...#8.8#.....# .#
##.#####.##### #


You could see an orc wizard, 2 orcs and a hobgoblin.

Vanquished Creatures
  An orc priest (D:3)
  An adder (D:2)
  2 worms (D:2)
  A dart slug (D:1)
  An orc (D:3)
  2 endoplasms
  A giant cockroach (D:1)
  A goblin (D:1)
  4 hobgoblins (D:1)
  4 jackals (D:3)
  3 quokkas (D:1)
  3 ball pythons
  2 bats (D:2)
  3 frilled lizards
  A kobold (D:1)
  5 rats
35 creatures vanquished.

Notes
Turn   | Place    | Note
-------+----------+-------------------------------------------
     0 | D:1      | Sabo the Gargoyle Fighter began the quest for the Orb.
     0 | D:1      | Reached XP level 1. HP: 14/14 MP: 1/1
   219 | D:1      | Reached XP level 2. HP: 19/19 MP: 2/2
   730 | D:2      | Reached XP level 3. HP: 14/23 MP: 3/3
  1307 | D:2      | You fall into a shaft and drop 1 floor!
  1323 | D:3      | Found a faded altar of an unknown god.
  1331 | D:3      | Prayed at the altar of an unknown god.
  1331 | D:3      | Became a worshipper of Elyvilon the Healer
  1331 | D:3      | Reached * piety under Elyvilon
  1412 | D:3      | Reached XP level 4. HP: 17/28 MP: 4/4
  1418 | D:3      | Slain by an orc

Illustrated notes

Levels and vault maps discovered:
D:1:      dpeg_arrival_erosion, layout_rooms, dreamdust_mushroom_princess
D:2:      layout_loops_corners, grunt_ministairs_3, uniq_jessica
D:3:      layout_loops_ring, serial_glass, glass_columns_a, glass_columns_a,
          dreamdust_ecumenical_altar_angels_and_demons, roderic_lattice_a,
          minmay_misc_feat_enclosed, nicolae_elevator_lobby_asterisk

Skill      XL: |  1  2 |
---------------+-------+-----
Axes           | 2 |  2.9
Fighting       | |  3.6
Armour         | |  3.9
Dodging        | |  0.9
Shields        | |  3.5

Action                   |  1- 3 |  4- 6 || total
-------------------------+-------+-------++-------
Melee: War axe           |   100 |     6 ||   106
Armor: Scale mail        |    58 |     3 ||    61
Dodge: Dodged            |    56 |     5 ||    61
Block: Buckler           |    14 |     1 ||    15
